 Dungeon Crawl Stone Soup version 0.29.1-2-gbd0b4ee654 (webtiles) character file.

Game seed: 8346265584895613090

738 qeuew the Trooper (level 7, -9/61 HPs)
             Began as a Hill Orc Fighter on Nov 14, 2022.
             Was an Initiate of Gozag.
             Mangled by a gnoll
             ... wielding a +0 halberd
              (13 damage)
             ... on level 5 of the Dungeon.
             The game lasted 00:04:56 (3974 turns).

qeuew the Trooper (Hill Orc Fighter)                Turns: 3974, Time: 00:04:57

Health: -9/61      AC:  7    Str: 19    XL:     7   Next: 75%
Magic:  9/9        EV: 10    Int:  8    God:    Gozag
Gold:   179        SH:  5    Dex: 12    Spells: 6/6 levels left

rFire   . . .      SeeInvis .   a - +0 war axe
rCold   . . .      Faith    .   c - +0 buckler
rNeg    . . .      Spirit   .   b - +0 scale mail
rPois   .          Reflect  .   (no helmet)
rElec   .          Harm     .   (no cloak)
rCorr   .          Rampage  .   (no gloves)
Will    .....                   (no boots)
Stlth   ..........              (no amulet)
HPRegen 0.20/turn               (no ring)
MPRegen 0.11/turn               (no ring)

@: no status effects
A: no striking features
a: Renounce Religion, Potion Petition, Call Merchant, Bribe Branch


You were on level 5 of the Dungeon.
You worshipped Gozag.
Gozag was aware of your devotion.
You visited 2 branches of the dungeon, and saw 6 of its levels.

You collected 269 gold pieces.
You paid 90 gold pieces to Gozag.

Inventory:

Hand Weapons
 a - a +0 war axe (weapon)
Armour
 b - a +0 scale mail (worn)
 c - a +0 buckler (worn)
Wands
 m - a wand of mindburst (13)
Scrolls
 g - a scroll of fog
 i - a scroll of summoning
 l - 3 scrolls of teleportation
Potions
 d - 2 potions of might
 e - a potion of flight
 h - a potion of brilliance
 j - a potion of curing


   Skills:
 + Level 5.5 Fighting
 + Level 5.1 Axes
 + Level 4.9 Armour
 + Level 2.4 Dodging
 + Level 5.1 Shields
 + Level 3.4 Invocations
 + Level 0.8 Evocations


You had 6 spell levels left.
You didn't know any spells.
Your spell library contained the following spells:

 Spells                   Type           Power      Damage    Failure   Level
 Sandblast                Erth           0%         2d4       85%         1
 Sting                    Tmut/Pois      0%         1d3       85%         1
 Passwall                 Tmut/Erth      0%         N/A       94%         2
 Poisonous Vapours        Pois/Air       0%         N/A       94%         2
 Sublimation of Blood     Necr           0%         N/A       94%         2
 Stone Arrow              Conj/Erth      0%         3d7       99%         3
 Summon Guardian Golem    Hex/Summ       0%         N/A       99%         3
 Tukima's Dance           Hex            0%         N/A       99%         3
 Olgreb's Toxic Radiance  Pois           0%         N/A       100%        4
 Petrify                  Tmut/Erth      0%         N/A       100%        4
 Irradiate                Conj/Tmut      0%         3d11      100%        5
 Iron Shot                Conj/Erth      0%         9d1       100%        6
 Lehudib's Crystal Spear  Conj/Erth      0%         10d2      100%        8


Dungeon Overview and Level Annotations

Branches:
Dungeon (5/15)             Temple (1/1) D:5

Altars:
Cheibriados
Dithmenos
Elyvilon
Gozag
Makhleb
Okawaru
Qazlal
Ru
Uskayaw
Vehumet
Wu Jian
Xom
Yredelemnul

Annotations:
D:4 3 runed translucent doors, zeram's ghost, amateur MiFi


Message History

You are too injured to fight recklessly!
You are too injured to fight recklessly!
You are too injured to fight recklessly!
You are too injured to fight recklessly!
You are too injured to fight recklessly!
You are too injured to fight recklessly!
You are too injured to fight recklessly!
You are too injured to fight recklessly!
You are too injured to fight recklessly!
You are too injured to fight recklessly!
You hit the gnoll.
The gnoll is lightly wounded.
You hit the gnoll. The gnoll closely misses you.
The gnoll hits you with a +0 halberd.
You closely miss the gnoll.
The gnoll is lightly wounded.
You completely miss the gnoll. The gnoll hits you but does no damage.
An orc comes into view. It is wielding a +0 club.
You block the gnoll's attack. The gnoll hits you with a +0 halberd.
The gnoll closely misses you.
The orc moves out of view.
You slash the gnoll!
The gnoll is severely wounded.
You hit the gnoll. The gnoll closely misses you.
The gnoll hits you with a +0 halberd!
* * * LOW HITPOINT WARNING * * *
You hit the gnoll but do no damage.
The gnoll is severely wounded.
You hit the gnoll. The gnoll barely misses you. The gnoll closely misses you.
You hit the gnoll.
The gnoll is almost dead.
You closely miss the gnoll. The gnoll hits you with a +0 halberd!
* * * LOW HITPOINT WARNING * * *
The gnoll barely misses you.
You closely miss the gnoll.
The gnoll is almost dead.
You hit the gnoll but do no damage. The gnoll barely misses you.
You block the gnoll's attack. The gnoll closely misses you.
The gnoll hits you with a +0 halberd!
You die...
Your body crumbles into a pile of gold.

## ##..## ..
#.##....###.# .
####.......#... ..
##............# ...
.............#....
#................
##)......$.g......
####.........@g......
###..!...#....$o..###..
##.........#.#....##
#................##
......?.###...###.#
#..?...# #.⌠.# .#.
##......###...###...
#................#..
.........⌠..>..⌠....


You could see 2 gnolls and an orc.

Vanquished Creatures
  A steam dragon (D:3)
  A water moccasin (D:5)
  An ogre (D:4)
  A necrophage (D:4)
  3 scorpions
  2 hounds (D:4)
  2 gnolls (D:5)
  3 adders
  An ufetubus (D:4)
  A worm (D:3)
  3 dart slugs
  4 orcs
  8 ball pythons
  5 endoplasms
  2 giant cockroaches
  5 goblins
  8 hobgoblins
  6 kobolds
  10 quokkas
  4 bats
  4 frilled lizards
  4 rats (D:2)
79 creatures vanquished.

Notes
Turn   | Place    | Note
-------+----------+-------------------------------------------
     0 | D:1      | qeuew the Hill Orc Fighter began the quest for the Orb.
     0 | D:1      | Reached XP level 1. HP: 19/19 MP: 1/1
   221 | D:1      | Reached XP level 2. HP: 27/27 MP: 2/2
   785 | D:2      | Reached XP level 3. HP: 33/33 MP: 3/3
  1841 | D:3      | Reached skill level 1 in Dodging
  1899 | D:3      | Found a white marble altar of Elyvilon.
  1905 | D:3      | Reached XP level 4. HP: 37/40 MP: 4/4
  2128 | D:3      | Became a worshipper of Elyvilon the Healer
  2280 | D:3      | Noticed a steam dragon
  2298 | D:3      | HP: 2/40 [steam dragon (1)]
  2303 | D:3      | Killed a steam dragon
  2304 | D:3      | Reached skill level 1 in Invocations
  2304 | D:3      | Reached XP level 5. HP: 24/47 MP: 4/6
  2634 | D:4      | Reached XP level 6. HP: 48/53 MP: 7/7
  2728 | D:4      | Noticed an ice beast
  2732 | D:4      | Reached skill level 5 in Fighting
  2733 | D:4      | Got Qooqol's Lectures on the Enthralling Lithosphere
  2851 | D:4      | Reached * piety under Elyvilon
  2875 | D:4      | Reached XP level 7. HP: 19/61 MP: 8/8
  3339 | D:4      | Found a runed translucent gate.
  3339 | D:4      | Found a runed translucent gate.
  3339 | D:4      | Found a runed translucent gate.
  3503 | D:4      | Noticed zeram's ghost (amateur MiFi)
  3582 | D:5      | Entered Level 5 of the Dungeon
  3625 | D:5      | Found a staircase to the Ecumenical Temple.
  3630 | D:5      | Reached skill level 5 in Axes
  3630 | D:5      | Reached skill level 5 in Shields
  3851 | Temple   | Entered the Ecumenical Temple
  3878 | Temple   | Fell from the grace of Elyvilon
  3878 | Temple   | Became a worshipper of Gozag Ym Sagoz the Greedy
  3974 | D:5      | Mangled by a gnoll

Illustrated notes

Levels and vault maps discovered:
D:1:      sevenhm_arrival_forest_fort_large_4, layout_rooms
D:2:      layout_loops_corners, minmay_tiny_reverse_x
D:3:      layout_basic, lemuel_doored_altar
D:4:      layout_cave_pools, serial_column_ruins, column_ruins_hut,
          column_ruins_circle_medium, column_ruins_grid_3, column_ruins_grid_1,
          column_ruins_corridor_straight, column_ruins_columns_straight,
          column_ruins_corridor_straight, column_ruins_open_small,
          column_ruins_open_small_water, gammafunk_ghost_icy
D:5:      layout_cave_pools, minmay_temple_entry_junction, st_stairs_14,
          guppyfry_shop_venom
Temple:   nicolae_temple_ecumenical_triangle

Skill      XL: |  1  2  3  4  5  6  7 |
---------------+----------------------+-----
Axes           | 3 4 5 |  5.1
Fighting       | 4 5 |  5.5
Dodging        | 1 2 |  2.4
Armour         | 4 |  4.9
Shields        | 4 5 |  5.1
Invocations    | 1 2 3 |  3.4
Evocations     | |  0.8

Action                   |  1- 3 |  4- 6 |  7- 9 || total
-------------------------+-------+-------+-------++-------
Melee: War axe           |   109 |    99 |    58 ||   266
Invok: Purification      |       |       |     1 ||     1
  Use: Scroll            |     5 |     4 |     2 ||    11
       Potion            |     3 |     3 |     2 ||     8
 Stab: Invisible         |       |       |     2 ||     2
Armor: Scale mail        |    49 |    65 |    27 ||   141
Dodge: Dodged            |    56 |    61 |    49 ||   166
Block: Buckler           |    23 |    27 |    14 ||    64
